AoeStats
← Myth

Black Forest

510426269Analyzed
4v4 RM · 14h ago on Oct 1, 2026· 43m 48s· 8 players
Game mode
Random Map
Map size
Large (8 player)
Population
200
Speed
Normal
Resources
Standard
Victory
Conquest
Starting age
Dark Age
Ending age
Imperial Age
RankedLock teamsTeams togetherTeam positionsShared explorationLock speedFull tech treeHidden civsTurbo modeCheats
Victory
Defeat
🇨🇳 Khmer · China
1151
+15
🇲🇽 Britons · Mexico
1145
+15
🇪🇸 Goths · Spain
1136
+15
🇺🇸 Armenians · United States
1115
+16
🇺🇸 Byzantines · United States
1156
-18
🇦🇷 Bohemians · Argentina
1126
-15
🇨🇦 Saxons · Canada
1093
-14
🇨🇦 Khmer · Canada
1093
-14
Pampuliupampam
10:47 Feudal Age
15:27 Castle Age
13:54 Double-Bit Axe
15:29 Horse Collar
16:48 Bow Saw
16:40 Heavy Plow
20:37 Heavy Plow
21:01 Gold Mining
23:04 Stone Mining
28:22 Bloodlines
28:13 Husbandry
28:27 Forging
28:22 Scale Barding Armor
29:58 Ballistics
30:31 Iron Casting
30:17 Chain Barding Armor
30:48 Murder Holes
31:06 Light Cavalry
34:37 Imperial Age
32:44 Wheelbarrow
31:55 Loom
32:50 Wheelbarrow
32:02 Loom
32:59 Fletching
33:59 Bodkin Arrow
34:37 Elite Ballista Elephant
35:19 Double Crossbow
35:40 Conscription
37:52 Blast Furnace
38:00 Chemistry
37:05 Onager
37:59 Hussar
39:22 Plate Barding Armor
38:48 Bracer
39:05 Masonry
39:11 Onager
Manc0
0:26 Loom
11:53 Feudal Age
12:21 Double-Bit Axe
12:20 Horse Collar
18:23 Castle Age
20:10 Wheelbarrow
21:05 Bow Saw
23:04 Heavy Plow
26:35 Fervor
26:50 Sanctity
30:42 Imperial Age
29:01 Town Watch
29:41 Hand Cart
29:40 Pikeman
30:21 Squires
30:13 Fletching
30:33 Forging
30:29 Scale Barding Armor
30:25 Scale Mail Armor
31:02 Halberdier
32:06 Conscription
31:51 Hussite Reforms
32:55 Chemistry
31:50 Murder Holes
32:06 Fortified Wall
32:52 Iron Casting
32:12 Bodkin Arrow
33:37 Chain Mail Armor
33:34 Caravan
33:57 Wagenburg Tactics
36:49 Ballistics
36:36 Siege Engineers
36:52 Bombard Tower
36:43 Masonry
37:07 Plate Mail Armor
36:38 Bracer
37:02 Houfnice
38:22 Town Patrol
40:41 Coinage
43:42 Two-Man Saw
44:15 Blast Furnace
43:25 Onager
Wojtek
1:12 Loom
12:41 Feudal Age
13:14 Double-Bit Axe
13:12 Horse Collar
16:48 Castle Age
14:43 Gold Mining
17:57 Bow Saw
17:48 Heavy Plow
26:39 Wheelbarrow
31:22 Imperial Age
30:29 Masonry
30:14 Fletching
30:24 Padded Archer Armor
30:25 Scale Mail Armor
30:36 Forging
30:48 Clerical Recruitment
31:48 Caravan
32:13 Elite Skirmisher
34:00 Block Printing
33:13 Pikeman
33:53 Squires
34:10 Chain Mail Armor
34:30 Iron Casting
33:22 Shield Wall
36:45 Bodkin Arrow
37:23 Architecture
37:13 Ballistics
44:10 Guilds
DNANNA6781
0:33 Loom
17:24 Feudal Age
17:49 Horse Collar
20:09 Wheelbarrow
24:36 Castle Age
22:28 Stone Mining
23:15 Gold Mining
24:40 Double-Bit Axe
31:02 Imperial Age
37:02 Hoardings
37:56 Fletching
38:07 Padded Archer Armor
38:58 Bodkin Arrow
39:27 Ballistics
40:55 Bracer
41:59 Chemistry
40:50 Elite Skirmisher
42:23 Thumb Ring
PuneMahaWarrior
11:02 Feudal Age
12:36 Double-Bit Axe
15:19 Castle Age
14:02 Gold Mining
14:05 Horse Collar
16:21 Bow Saw
22:06 Loom
23:25 Wheelbarrow
25:26 Gold Shaft Mining
26:07 Fletching
27:15 Hand Cart
26:47 Town Watch
27:39 Bodkin Arrow
28:19 Stone Mining
31:57 Imperial Age
29:29 Squires
29:38 Gambesons
29:13 Man-at-Arms
29:39 Arson
30:17 Scale Mail Armor
30:28 Forging
30:00 Long Swordsman
31:37 Chain Mail Armor
30:46 Two-Handed Swordsman
32:28 Iron Casting
33:23 Plate Mail Armor
33:14 Conscription
33:25 Fereters
35:36 Blast Furnace
34:29 Champion
Eduardo
0:30 Loom
16:54 Feudal Age
21:11 Castle Age
19:56 Double-Bit Axe
20:12 Horse Collar
22:08 Bow Saw
27:54 Wheelbarrow
30:30 Hand Cart
34:35 Imperial Age
32:07 Fletching
32:18 Padded Archer Armor
32:29 Heated Shot
32:50 Bodkin Arrow
34:02 Leather Archer Armor
33:46 Crossbowman
34:41 Arbalester
36:24 Chemistry
36:10 Ring Archer Armor
35:52 Bracer
38:02 Ballistics
41:14 Yeomen
43:35 Onager
El Boss
0:27 Loom
11:16 Feudal Age
11:46 Double-Bit Axe
11:44 Horse Collar
15:27 Gold Mining
18:53 Castle Age
19:23 Stone Mining
20:10 Bow Saw
20:40 Heavy Plow
25:49 Imperial Age
25:54 Wheelbarrow
27:34 Two-Man Saw
27:35 Crop Rotation
30:14 Wheelbarrow
30:16 Fletching
30:37 Forging
30:32 Scale Barding Armor
32:26 Hand Cart
31:59 Town Watch
32:53 Iron Casting
32:19 Scale Mail Armor
32:07 Pikeman
32:48 Squires
32:48 Halberdier
33:53 Town Patrol
34:55 Blast Furnace
33:41 Treadmill Crane
34:55 Chain Mail Armor
35:27 Conscription
35:28 Murder Holes
35:44 Masonry
36:56 Anarchy
36:57 Perfusion
38:14 Ballistics
38:55 Chemistry
38:25 Architecture
38:19 Elite Huskarl
Myth
4:26 Loom
12:09 Feudal Age
15:28 Castle Age
13:28 Double-Bit Axe
13:40 Horse Collar
15:15 Wheelbarrow
16:49 Bow Saw
17:20 Stone Mining
22:15 Hand Cart
23:42 Heavy Plow
24:14 Gold Mining
25:42 Gold Shaft Mining
30:53 Imperial Age
28:23 Town Watch
29:35 Town Patrol
29:47 Town Patrol
29:50 Husbandry
30:00 Bloodlines
30:04 Scale Barding Armor
30:10 Forging
30:39 Tusk Swords
31:15 Chain Barding Armor
32:17 Iron Casting
31:29 Elite Battle Elephant
33:11 Conscription
34:20 Plate Barding Armor
33:45 Scale Mail Armor
35:08 Blast Furnace
35:42 Crop Rotation
37:07 Double Crossbow
37:27 Fletching
37:26 Elite Ballista Elephant
38:18 Bodkin Arrow
39:33 Bracer
40:35 Chemistry
41:22 Ballistics
43:05 Stone Shaft Mining
42:49 Siege Engineers
43:37 Coinage
Connection lost

Rejoining the realm…

Still unreachable

The connection could not be restored.

Session expired

The server has moved on; the page needs a fresh start.